 Dungeon Crawl Stone Soup version 0.29-a0-997-gf6f7e2dfe7 (webtiles) character file.

Game seed: 1023371362414048668

3502 nickcage the Carver (level 10, -4/70 HPs)
             Began as a Formicid Abyssal Knight on Aug 1, 2022.
             Was a High Priest of Lugonu.
             Slain by a cyan ugly thing (14 damage)
             ... on level 8 of the Dungeon on Aug 4, 2022.
             The game lasted 00:23:33 (9820 turns).

nickcage the Carver (Formicid Abyssal Knight)       Turns: 9820, Time: 00:23:35

Health: -4/70      AC: 19    Str: 23    XL:     10   Next: 28%
Magic:  11/11      EV:  6    Int:  9    God:    Lugonu [*****.]
Gold:   200        SH:  5    Dex: 14    Spells: 9/9 levels left

rFire   . . .      SeeInvis +   D - +4 great sword
rCold   + . .      Faith    .   C - +0 buckler
rNeg    . . .      Spirit   .   B - +1 plate armour
rPois   .          Reflect  .   (helmet unavailable)
rElec   .          Harm     .   y - +2 cloak {Will+}
rCorr   .          Rampage  .   (no gloves)
Will    ++...                   d - +2 pair of boots
Stlth   ..........              (no amulet)
HPRegen 0.21/turn               F - ring of protection from cold
MPRegen 0.12/turn               (no ring)

@: no status effects
A: permanent stasis, dig shafts and tunnels, antennae 3, four strong arms
a: Dig, Shaft Self, Renounce Religion, Depart the Abyss, Bend Space, Banish,
Corrupt, Enter the Abyss


You were on level 8 of the Dungeon.
You worshipped Lugonu.
Lugonu was extremely pleased with you.
You visited 2 branches of the dungeon, and saw 9 of its levels.
You visited the Abyss 1 time.

You collected 295 gold pieces.
You spent 95 gold pieces at shops.

Inventory:

Hand Weapons
 a - a +1 falchion
 h - a +0 morningstar
 u - a +1 long sword
 A - a +1 dire flail of pain
 D - a +4 great sword (weapon)
Missiles
 n - 12 poisoned darts (quivered)
 s - a throwing net
Armour
 b - a +0 leather armour
 d - a +2 pair of boots (worn)
 f - a +1 scale mail
 g - a +1 leather armour of poison resistance
 y - a +2 cloak of willpower (worn)
 B - a +1 plate armour (worn)
 C - a +0 buckler (worn)
Jewellery
 F - a ring of protection from cold (left hand)
Wands
 l - a wand of roots (2)
 o - a wand of charming (1)
 x - a wand of mindburst (15)
Scrolls
 k - 3 scrolls of amnesia
 E - 2 scrolls of fear
Potions
 c - 2 potions of magic
 e - 3 potions of mutation
 i - a potion of heal wounds
 j - a potion of might
 m - a potion of haste
 p - a potion of attraction {unknown}
 q - 2 potions of brilliance {unknown}
 r - 5 potions of curing
 t - a potion of flight {unknown}
 v - 3 potions of lignification
 w - a potion of ambrosia {unknown}
 z - a potion of resistance {unknown}


   Skills:
 - Level 3.2 Fighting
 + Level 13.1 Long Blades
 + Level 4.4 Armour
 - Level 0.8 Dodging
 * Level 4.4 Shields
 - Level 2.1 Invocations


You had 9 spell levels left.
You didn't know any spells.
Your spell library contained the following spells:

 Spells                   Type           Power      Damage    Failure   Level
 Beastly Appendage        Tmut           0%         N/A       100%        1
 Magic Dart               Conj           0%         1d3       100%        1
 Searing Ray              Conj           0%         2d4       100%        2
 Static Discharge         Conj/Air       0%         3-3/arc   100%        2
 Wereblood                Tmut           0%         N/A       100%        2
 Conjure Flame            Conj/Fire      0%         6-21      100%        3
 Gell's Gravitas          Tloc           0%         N/A       100%        3
 Ignite Poison            Fire/Tmut/Pois 0%         N/A       100%        3
 Spider Form              Tmut/Pois      0%         N/A       100%        3
 Teleport Other           Tloc           0%         N/A       100%        3
 Fulminant Prism          Conj/Hex       0%         3d6       100%        4
 Sticky Flame             Conj/Fire      0%         2d3       100%        4
 Lightning Bolt           Conj/Air       0%         1d11      100%        5
 Dispersal                Tloc           0%         N/A       100%        6
 Borgnjor's Revivificati  Necr           0%         N/A       100%        8
 Maxwell's Capacitive Co  Air            0%         ∞         100%        8
 Necromutation            Tmut/Necr      0%         N/A       100%        8
 Chain Lightning          Conj/Air       0%         N/A       100%        9
 Death's Door             Necr           0%         N/A       100%        9
 Fire Storm               Conj/Fire      0%         5d1       100%        9
 Shatter                  Erth           0%         3d5*      100%        9


Dungeon Overview and Level Annotations

Branches:
Dungeon (8/15)             Temple (1/1) D:4
   Lair: D:8-11

Altars:
Ashenzari
Cheibriados
Dithmenos
Elyvilon
Fedhas
Gozag
Hepliaklqana
Makhleb
Nemelex Xobeh
Qazlal
Ru
Sif Muna
Trog
Vehumet
Wu Jian
Zin
The Shining One

Shops:
D:6 (*[

Annotations:
D:3 2 runed translucent doors
Temple 2 transporters


Innate Abilities, Weirdness & Mutations

You cannot be hasted, slowed, berserked, paralysed or teleported.
You can dig through walls and to a lower floor.
You have a pair of large antennae on your head. (SInv)
Your four strong arms can wield two-handed weapons with a shield.


Message History

The white imp shouts, "Decamp, thou puking rude-growing flap-bat!"
The tengu warrior moves out of view.
Okay, then.
You throw a poisoned dart.
The poisoned dart hits the cyan ugly thing.
The cyan ugly thing is poisoned.
You closely miss the cyan ugly thing. The cyan ugly thing stings you.
The cyan ugly thing shocks you!
You completely miss the cyan ugly thing.
The cyan ugly thing stings you but does no damage.
You hit the cyan ugly thing.
The cyan ugly thing is lightly wounded.
The cyan ugly thing stings you but does no damage.
You slash the cyan ugly thing!
The cyan ugly thing is moderately wounded.
The cyan ugly thing stings you but does no damage.
You closely miss the cyan ugly thing.
The cyan ugly thing is moderately wounded.
The cyan ugly thing stings you! The cyan ugly thing shocks you!
You slash the cyan ugly thing!
The cyan ugly thing is heavily wounded.
The cyan ugly thing looks more healthy.
The cyan ugly thing stings you but does no damage.
You slash the cyan ugly thing!
The cyan ugly thing is heavily wounded.
You block the cyan ugly thing's attack.
You slash the cyan ugly thing!
The cyan ugly thing is almost dead.
The cyan ugly thing stings you but does no damage.
You barely miss the cyan ugly thing.
The cyan ugly thing is severely wounded.
The cyan ugly thing stings you. The cyan ugly thing shocks you!
* * * LOW HITPOINT WARNING * * *
You slash the cyan ugly thing!
The cyan ugly thing is almost dead.
The cyan ugly thing stings you but does no damage.
The cyan ugly thing stings you.
* * * LOW HITPOINT WARNING * * *
The cyan ugly thing shocks you!
You die...

#..# #...# #..# ##.#####
#..######.##...
#####............##
######...#..#######...##
.............# #....#...
.######.###..# #.##...##
.. #.# #..# #.###.###
... #@# ##.# #.# #.# #
.... #u# .# #.# #.###
.5... #Q# .# #.# #....
......#9####.# #.# #####
...9...5.....# #.#######
.........###.# #........
.........# #########
........## .######.#


You could see a cyan ugly thing, a tengu warrior, a gargoyle and a white imp.

Vanquished Creatures
  A hornet (D:7)
  A slime creature (D:7)
  A steam dragon (D:8)
  A water moccasin (D:6)
  3 orc warriors
  A black bear (D:8)
  A sky beast (D:7)
  5 ice beasts
  2 centaurs
  2 phantoms
  3 kobold brigands
  A necrophage (D:7)
  3 bullfrogs
  6 wights (D:7)
  2 howler monkeys
  3 orc priests
  4 hounds
  2 iguanas
  Ijyb (D:3)
  5 orc wizards
  Terence (D:2)
  10 gnolls
  11 adders
  3 white imps
  3 ufetubi
  5 worms
  A dart slug (D:2)
  28 orcs
  4 ball pythons
  7 endoplasms
  3 giant cockroaches
  5 goblins
  7 hobgoblins
  3 quokkas
  5 bats
  2 frilled lizards (D:2)
  18 kobolds
  3 rats
167 creatures vanquished.

Notes
Turn   | Place    | Note
-------+----------+-------------------------------------------
     0 | Abyss:1  | nickcage the Formicid Abyssal Knight began the quest for
                  | the Orb.
     0 | Abyss:1  | Reached XP level 1. HP: 18/18 MP: 2/2
     1 | D:1      | Escaped the Abyss
   509 | D:1      | Reached XP level 2. HP: 19/24 MP: 3/3
   666 | D:1      | Reached skill level 3 in Long Blades
  1034 | D:2      | Reached XP level 3. HP: 21/29 MP: 4/4
  1311 | D:2      | Reached *** piety under Lugonu
  1653 | D:2      | Noticed Terence
  1669 | D:2      | Killed Terence
  1670 | D:2      | Reached skill level 4 in Long Blades
  1670 | D:2      | Reached XP level 4. HP: 16/35 MP: 5/5
  2573 | D:3      | Found a large runed translucent door.
  2573 | D:3      | Found a large runed translucent door.
  2588 | D:3      | Found a stormy altar of Qazlal.
  2622 | D:3      | Noticed Ijyb
  2652 | D:3      | Killed Ijyb
  2653 | D:3      | Reached skill level 5 in Long Blades
  2653 | D:3      | Reached XP level 5. HP: 21/41 MP: 6/6
  2807 | D:3      | Upgraded the game from 0.29-a0-982-gaed3a0c8d8 to
                  | 0.29-a0-997-gf6f7e2dfe7
  3535 | D:4      | Found a staircase to the Ecumenical Temple.
  3544 | D:4      | Noticed a phantom
  3554 | D:4      | Killed a phantom
  3555 | D:4      | Reached skill level 6 in Long Blades
  3555 | D:4      | Reached XP level 6. HP: 47/47 MP: 7/7
  3560 | Temple   | Entered the Ecumenical Temple
  3560 | Temple   | Found a transporter.
  3560 | Temple   | Found a transporter.
  3562 | Temple   | Found a transporter.
  3562 | Temple   | Found a transporter.
  4535 | D:5      | Entered Level 5 of the Dungeon
  4997 | D:5      | Noticed an ice beast
  5008 | D:5      | Killed an ice beast
  5009 | D:5      | Reached skill level 7 in Long Blades
  5009 | D:5      | Reached XP level 7. HP: 52/52 MP: 8/8
  5211 | D:5      | Reached **** piety under Lugonu
  5736 | D:6      | Reached skill level 8 in Long Blades
  5829 | D:6      | Reached XP level 8. HP: 56/58 MP: 9/9
  5924 | D:6      | Found Fiduil's Weapon Shoppe.
  6072 | D:6      | Reached skill level 9 in Long Blades
  6545 | D:6      | Found Voupnuwarac's Antique Armour Shop.
  6609 | D:6      | Found Qiab's Assorted Antiques.
  6778 | D:6      | Reached skill level 10 in Long Blades
  7169 | D:7      | Reached XP level 9. HP: 58/64 MP: 10/10
  7264 | D:7      | Reached skill level 11 in Long Blades
  7873 | D:7      | Reached skill level 1 in Shields
  8075 | D:7      | Reached skill level 12 in Long Blades
  8321 | D:6      | Bought a tubular onyx ring for 95 gold pieces
  8374 | D:7      | Reached ***** piety under Lugonu
  8623 | D:7      | Noticed a slime creature
  8632 | D:7      | Killed a slime creature
  8853 | D:8      | Noticed a hornet
  8906 | D:7      | Killed a hornet
  8907 | D:7      | Reached XP level 10. HP: 46/70 MP: 11/11
  9518 | D:8      | Found a sacrificial altar of Ru.
  9564 | D:8      | Reached skill level 13 in Long Blades
  9804 | D:8      | Noticed a gargoyle
  9805 | D:8      | Noticed a tengu warrior
  9805 | D:8      | Noticed a cyan ugly thing
  9820 | D:8      | Slain by a cyan ugly thing

Illustrated notes

Levels and vault maps discovered:
D:1:      roderic_lyre, layout_basic
D:2:      minmay_general_purpose_star, layout_basic, kennysheep_big_empty_room,
          uniq_terence
D:3:      layout_loops_ring, nicolae_qazlal_general_emergency,
          jmf_multi_god_temple2, uniq_ijyb
D:4:      layout_loops_cross, minmay_temple_entry_statues_fountains
D:5:      layout_loops_ring, grunt_ministairs_4
D:6:      layout_loops_corners, serial_shops, nicolae_take_the_stairs, shop,
          nicolae_shop_window_shopping, grunt_ministairs_1, kennysheep_boxes
D:7:      layout_cave_pools, hangedman_decor_opposing, chequers_avenue,
          grunt_ministairs_4, minmay_microvault
D:8:      minmay_cut_squares, layout_loops_ring, mainiacjoe_overflow_paths
Temple:   hellmonk_temple_divided_pantheon

Skill      XL: |  1  2  3  4  5  6  7  8  9 10 |
---------------+-------------------------------+-----
Long Blades    | 3 4 5 6 7 8 10 12 13 | 13.1
Shields        | 3 4 |  4.4
Armour         | 3 4 |  4.4
Fighting       | |  3.2
Dodging        | |  0.8
Invocations    | |  2.1

Action                   |  1- 3 |  4- 6 |  7- 9 | 10-12 || total
-------------------------+-------+-------+-------+-------++-------
Melee: Falchion          |   109 |    86 |       |       ||   195
       Punch             |     1 |     2 |     6 |       ||     9
       Long sword        |       |   104 |   271 |       ||   375
       Great sword       |       |       |    64 |    63 ||   127
Throw: Dart              |       |     7 |     8 |     3 ||    18
  Use: Scroll            |     7 |     4 |     6 |       ||    17
       Potion            |       |       |     1 |       ||     1
Armor: Leather armour    |    34 |       |       |       ||    34
       Scale mail        |       |   101 |   131 |       ||   232
       Plate armour      |       |       |    74 |    48 ||   122
Dodge: Dodged            |    66 |    91 |   132 |     9 ||   298
Block: Buckler           |       |       |    21 |    19 ||    40

Table legend: (Time is in decaauts)
 A = Elapsed time spent in this place.
 B = Non-inter-level travel time spent in this place.
 C = Inter-level travel time spent in this place.
 D = Time resting spent in this place.
 E = Time spent auto-exploring this place.
 F = Levels seen in this place.
 G = Mean time per level.
                   A        B        C        D        E       F      G
               +--------+--------+--------+--------+--------+-----+--------+
         Total |   9846 |   9649 |    197 |   1645 |   6499 |  10 |  984.6 |
       Dungeon |   9812 |   9615 |    197 |   1645 |   6499 |   8 | 1226.5 |
        Temple |     32 |     32 |      0 |      0 |      0 |   1 |   32.0 |
         Abyss |      1 |      1 |      0 |      0 |      0 |   1 |    1.0 |
               +--------+--------+--------+--------+--------+-----+--------+

Top non-repeatable levels by time:
     D:7: 1859 daAuts
     D:2: 1423 daAuts
     D:6: 1412 daAuts
     D:5: 1201 daAuts
     D:3: 1097 daAuts
     D:4: 1030 daAuts
     D:1: 975 daAuts
     D:8: 811 daAuts
  Temple: 32 daAuts
 Abyss:1: 1 daAuts
